 Dungeon Crawl Stone Soup version 0.19.0-24-gb05acd6 (webtiles) character file.

5599 LORDOFBUTT the Cleaver (level 10, -7/91 HPs)
             Began as a Minotaur Berserker on Nov 21, 2016.
             Was a High Priest of Trog.
             Mangled by Spif's ghost (13 damage)
             ... on level 10 of the Dungeon.
             The game lasted 00:10:38 (8551 turns).

LORDOFBUTT the Cleaver (Minotaur Berserker)         Turns: 8551, Time: 00:10:39

Health: -7/91      AC: 10    Str: 21    XL:     10   Next: 45%
Magic:  3/3        EV: 16    Int:  4    God:    Trog [*****.]
Gold:   727        SH:  0    Dex: 14    Spells: 0 memorised, 9 levels left

rFire  . . .     SeeInvis .     n - +1 battleaxe (antimagic)
rCold  . . .     Gourm    .     m - +0 ring mail
rNeg   . . .     Faith    .     (shield currently unavailable)
rPois  +         Spirit   .     (helmet restricted)
rElec  .         Reflect  .     x - +2 cloak
rCorr  +         Harm     .     (no gloves)
MR     .....                    (no boots)
Stlth  +.........               (no amulet)
                                C - ring of resist corrosion
                                d - ring of poison resistance

@: lethally poisoned (-7 -> -7), hasted, very quick
A: retaliatory headbutt, horns 2
a: Berserk, Trog's Hand, Brothers in Arms, Burn Spellbooks, Renounce Religion


You were on level 10 of the Dungeon.
You worshipped Trog.
Trog was extremely pleased with you.
You were not hungry.

You visited 1 branch of the dungeon, and saw 10 of its levels.

You collected 727 gold pieces.

Inventory:

Hand Weapons
 n - a +1 antimagic battleaxe (weapon)
Armour
 m - a +0 ring mail (worn)
 x - a +2 cloak (worn)
Jewellery
 d - a ring of poison resistance (left hand)
 C - a ring of resist corrosion (right hand)
 R - a +6 amulet of reflection {unknown}
 U - a +4 amulet of reflection {unknown}
Wands
 w - a wand of paralysis (10/24)
 B - a wand of slowing (29/48)
 D - a wand of iceblast (5/15)
 H - a wand of paralysis (8/24)
 O - a wand of lightning (9/15)
 Q - a wand of slowing (28/48)
 S - a wand of acid (6/15)
 V - a wand of lightning (6/15)
Scrolls
 e - 3 scrolls of teleportation {unknown}
 f - 3 scrolls of magic mapping {unknown}
 g - a scroll of amnesia {unknown}
 h - 3 scrolls of remove curse
 l - 3 scrolls of fog {unknown}
 p - 3 scrolls of random uselessness {unknown}
 s - 4 scrolls of noise {unknown}
 t - a scroll of recharging {unknown}
 v - a scroll of enchant armour {unknown}
 y - 2 scrolls of enchant weapon {unknown}
 A - 2 scrolls of immolation {unknown}
 F - a scroll of blinking {unknown}
 G - 2 scrolls of fear {unknown}
 L - a scroll of acquirement {unknown}
 T - 2 scrolls of identify
Potions
 b - a potion of invisibility
 i - a potion of berserk rage {unknown}
 j - 4 potions of haste
 k - a potion of heal wounds
 o - 2 potions of agility
 q - a potion of resistance {unknown}
 r - 3 potions of curing
 u - a potion of lignification
 z - 2 potions of brilliance
 E - 2 potions of magic
 I - a potion of mutation {unknown}
 J - 2 potions of cancellation {unknown}
 K - a potion of ambrosia {unknown}
 P - a potion of flight {unknown}
Comestibles
 a - 12 fruits
 c - 6 bread rations
 M - 3 meat rations
 N - 4 slices of pizza


   Skills:
 + Level 9.1 Fighting
 * Level 12.2 Axes
 + Level 8.6 Armour
 + Level 8.0 Dodging


You had 9 spell levels left.
You didn't know any spells.

Dungeon Overview and Level Annotations

Branches:
Dungeon (10/15)            Temple (0/1) D:4             Orc (0/2) D:9
   Lair: D:8-11

Altars:
Cheibriados
Dithmenos
Elyvilon
Fedhas
Gozag
Hepliaklqana
Kikubaaqudgha
Makhleb
Okawaru
Qazlal
Ru
Trog
Uskayaw
Vehumet
The Shining One

Shops:
D:4 (   D:5 *

Annotations:
D:10 Spif's ghost, journeyman MiGl


Innate Abilities, Weirdness & Mutations

You reflexively headbutt those who attack you in melee.
You have a pair of horns on your head.


Message History

Spif's ghost is nearby!
You barely miss Spif's ghost. Spif's ghost hits you! Spif's ghost burns you.
You barely miss Spif's ghost. You headbutt Spif's ghost.
Spif's ghost is lightly damaged.
You feel sick. Spif's ghost hits you!! Spif's ghost burns you.
You closely miss Spif's ghost.
Spif's ghost is lightly damaged.
Spif's ghost hits you!
* * * LOW HITPOINT WARNING * * *
Spif's ghost burns you.
* * * LOW HITPOINT WARNING * * *
You are too injured to fight recklessly!
Okay, then.
You feel much better.
Spif's ghost whispers, "The ORB doesn't exist."
Spif's ghost hits you but does no damage.
You feel yourself speed up. Spif's ghost hits you!!
* * * LOW HITPOINT WARNING * * *
Spif's ghost burns you!
You die...

#.##.##.###.#.≈P≈..#
#.##.##..#.###PPP#.#
........#.####.≈♣....
...#.#..#..........##
...#.#.............#
.....[..######.###...
...(.#### #.# .##
..##.# ###.###.#
..##.#######....@W.#
..##...........###.#
..##.#######.#####...
..##..........(.....##
.....#######.######.#
..........##.#
..##.####.##.###
.†##.# #......# ..##.#
##......##


You could see Spif's ghost.

Vanquished Creatures
  2 hornets (D:9)
  2 dream sheep (D:9)
  A hippogriff (D:7)
  2 yaks (D:9)
  2 wargs (D:9)
  A soldier ant (D:10)
  3 orc warriors
  A phantom (D:9)
  2 ice beasts
  3 sky beasts
  5 ogres
  4 centaurs
  4 big kobolds (D:9)
  2 bullfrogs
  2 wyvern zombies
  4 scorpions
  A water moccasin skeleton (D:7)
  5 killer bees (D:7)
  3 howler monkeys
  2 crimson imps
  A quasit (D:10)
  4 hounds
  2 orc priests (D:5)
  5 orc wizards
  2 bullfrog skeletons
  2 jellies
  A centaur skeleton (D:8)
  3 iguanas
  4 worker ants
  A hound skeleton (D:5)
  Robin (D:3)
  A gnoll (D:1)
  7 adders
  A shadow imp (D:8)
  An ooze (D:2)
  2 adder skeletons
  4 worms
  2 dart slugs
  4 leopard geckos
  32 orcs
  7 giant cockroaches
  16 goblins
  9 hobgoblins
  14 jackals
  A quokka (D:3)
  5 bats
  4 frilled lizards
  7 kobolds
  A quokka skeleton (D:4)
  6 rats
201 creatures vanquished.

Vanquished Creatures (collateral kills)
  A hydra (D:9)
1 creature vanquished.

Vanquished Creatures (others)
  A plant (D:10)
1 creature vanquished.

Grand Total: 203 creatures vanquished

Notes
Turn   | Place    | Note
-------+----------+-------------------------------------------
     0 | D:1      | LORDOFBUTT the Minotaur Berserker began the quest for the Orb.
     0 | D:1      | Reached XP level 1. HP: 19/19 MP: 0/0
   344 | D:1      | Reached XP level 2. HP: 27/27 MP: 1/1
   618 | D:1      | Reached skill level 4 in Axes
   812 | D:2      | Found a white marble altar of Elyvilon.
  1009 | D:2      | Reached XP level 3. HP: 27/33 MP: 2/2
  1170 | D:2      | Found a snail-covered altar of Cheibriados.
  1191 | D:2      | Reached ** piety under Trog
  1539 | D:3      | Noticed Robin
  1550 | D:3      | Killed Robin
  1550 | D:3      | Reached XP level 4. HP: 40/41 MP: 3/3
  1669 | D:3      | Found a blossoming altar of Fedhas.
  1711 | D:3      | Noticed a centaur
  1723 | D:3      | Killed a centaur
  1723 | D:3      | Reached skill level 5 in Axes
  1723 | D:3      | Reached XP level 5. HP: 24/47 MP: 4/4
  2123 | D:3      | Reached *** piety under Trog
  2493 | D:4      | Found a burning altar of Makhleb.
  2595 | D:4      | Noticed an ogre
  2600 | D:4      | Killed an ogre
  2600 | D:4      | Reached skill level 5 in Fighting
  2600 | D:4      | Reached skill level 6 in Axes
  2600 | D:4      | Reached XP level 6. HP: 35/56 MP: 5/5
  2637 | D:4      | Found a staircase to the Ecumenical Temple.
  2915 | D:4      | Found a faded altar of an unknown god.
  2915 | D:4      | Found a faded altar of an unknown god.
  2920 | D:4      | Found a faded altar of an unknown god.
  2931 | D:4      | Found a faded altar of an unknown god.
  2932 | D:4      | Found a radiant altar of Vehumet.
  3132 | D:4      | Found Cech's Weapon Boutique.
  3331 | D:5      | Entered Level 5 of the Dungeon
  3335 | D:5      | Found a hazy altar of Hepliaklqana.
  3370 | D:5      | Found a hide-covered altar of Uskayaw.
  3555 | D:5      | Found a shadowy altar of Dithmenos.
  3576 | D:5      | Reached XP level 7. HP: 55/61 MP: 6/6
  3700 | D:5      | Found an opulent altar of Gozag.
  3705 | D:5      | Found Gozag's Platinum Reserve.
  3743 | D:5      | Reached skill level 7 in Axes
  3848 | D:5      | Found an iron altar of Okawaru.
  3929 | D:5      | Found a sacrificial altar of Ru.
  3947 | D:5      | Reached skill level 5 in Armour
  4129 | D:5      | Reached **** piety under Trog
  4466 | D:6      | Reached skill level 8 in Axes
  4466 | D:6      | Reached XP level 8. HP: 44/70 MP: 7/7
  4613 | D:6      | Reached skill level 5 in Dodging
  4802 | D:6      | Found a stormy altar of Qazlal.
  5152 | D:6      | Found a glowing golden altar of the Shining One.
  5201 | D:7      | Noticed a hippogriff
  5211 | D:7      | Killed a hippogriff
  5211 | D:7      | Reached skill level 9 in Axes
  5502 | D:7      | Reached XP level 9. HP: 76/79 MP: 8/8
  5615 | D:7      | Reached skill level 10 in Axes
  5948 | D:8      | Found an ancient bone altar of Kikubaaqudgha.
  6667 | D:9      | Found a staircase to the Orcish Mines.
  6692 | D:9      | Reached ***** piety under Trog
  6723 | D:9      | Reached skill level 11 in Axes
  7273 | D:9      | Paralysed by a hornet for 2 turns
  7368 | D:9      | Noticed a moth of wrath
  7372 | D:9      | Found a bloodstained altar of Trog.
  7448 | D:9      | Reached XP level 10. HP: 33/90 MP: 9/9
  7706 | D:9      | Received a gift from Trog
  8014 | D:9      | Noticed a two-headed hydra
  8058 | D:9      | Killed a three-headed hydra
  8058 | D:9      | Reached skill level 12 in Axes
  8482 | D:10     | Entered Level 10 of the Dungeon
  8546 | D:10     | Noticed Spif's ghost (journeyman MiGl)
  8551 | D:10     | Mangled by Spif's ghost

Skill      XL: |  1  2  3  4  5  6  7  8  9 10 |
---------------+-------------------------------+-----
Axes           | 4 5 6 8 9 11 12 | 12.2
Fighting       | 4 5 6 7 8 9 |  9.1
Armour         | 3 4 5 6 7 8 |  8.6
Dodging        | 3 4 6 7 8 |  8.0

Action                   |  1- 3 |  4- 6 |  7- 9 | 10-12 || total
-------------------------+-------+-------+-------+-------++-------
Melee: Hand axe          |    66 |   171 |   316 |    16 ||   569
       Headbutt          |    15 |    25 |    87 |    13 ||   140
       Battleaxe         |       |       |       |    43 ||    43
Invok: Berserk           |     1 |     2 |     4 |     1 ||     8
       Burn Spellbooks   |       |       |     1 |       ||     1
       Brothers in Arms  |       |       |       |     1 ||     1
Evoke: Wand              |       |       |       |     1 ||     1
  Use: Scroll            |       |       |    10 |       ||    10
       Potion            |       |       |       |     2 ||     2
  Eat: Chunk             |     1 |     6 |     8 |     2 ||    17
       Pizza             |     1 |     2 |     1 |     2 ||     6
       Fruit             |       |       |     8 |       ||     8
Armor: Animal skin       |     5 |       |       |       ||     5
       Ring mail         |    16 |    56 |   105 |    28 ||   205
Dodge: Dodged            |    36 |   105 |   160 |    46 ||   347
